NEW JERSEY Devils vs ANAHEIM Ducks

Created - 27 mars 2024 at 16:16

Goals
1 2 3 T
NEW JERSEY Devils 0 1 2 3
ANAHEIM Ducks 0 2 0 2
Shots
1 2 3 T
NEW JERSEY Devils 11 6 17 34
ANAHEIM Ducks 9 18 10 37

1st period

No Goal

Penalties :
Gabriel Landeskog (NJD) for Holding (Minor) at 2:37, Viktor Arvidsson (ANA) for Slashing (Minor) at 6:54

2nd period

1. NEW JERSEY Devils , J.T. Compher 25 (Andreas Athanasiou 31, Bowen Byram 24) at 15:23
2. ANAHEIM Ducks , Nick Paul 16 (Jeff Carter 15, Ryan Lindgren 14) at 15:51
3. ANAHEIM Ducks , Brett Pesce 8 (Brayden Point 29, Nathan MacKinnon 32) at 16:07

Penalties :
Alexander Petrovic (NJD) for Roughing (Minor) at 8:01, Miles Wood (NJD) for Hooking (Minor) at 10:56

3rd period

4. NEW JERSEY Devils , Andreas Athanasiou 17 (Adam Boqvist 36, J.T. Compher 26) at 5:45 (PP)
5. NEW JERSEY Devils , Bowen Byram 12 (James van Riemsdyk 18, Jack Hughes 32) at 18:57

Penalties :
Brett Pesce (ANA) for Fighting (Major) at 4:41, Ryan Donato (NJD) for Fighting (Major) at 4:41, Brett Pesce (ANA) for instigated a fight (Game Misconduct) at 4:41, Bowen Byram (NJD) for Hooking (Minor) at 12:55, Artturi Lehkonen (ANA) for Tripping (Minor) at 15:49

Goalie Stats

Jake Allen (NJD), 35 saves from 37 shots - (0,946), W, 20-17-1, 60:00 minutes
Philipp Grubauer (ANA), 31 saves from 34 shots - (0,912), L, 29-23-1, 59:01 minutes

Players Stats for NEW JERSEY Devils

Player Name              G  A  P  +/- PIM S  H  SB GA TA FO     MP     PP MP  PK MP  
------------------------------------------------------------------------------------
Adam Boqvist             0  1  1   1  0   0  1  0  0  0  0/0    24:02   2:07   3:50 
Alexander Petrovic       0  0  0   0  2   0  3  0  0  0  0/0    17:40   2:07   1:01 
Andreas Athanasiou       1  1  2   1  0   5  5  0  0  0  0/0    17:02   2:07   0:00 
Bowen Byram              1  1  2   1  2   4  2  3  0  0  0/0    22:52   2:07   3:05 
Chris Wideman            0  0  0  -1  0   0  3  1  0  0  0/0    19:25   0:48   3:49 
Connor Brown             0  0  0   0  0   1  0  0  0  0  0/1     5:43   0:00   0:00 
Gabriel Landeskog        0  0  0   0  2   3  1  0  0  0  1/2     5:42   0:00   0:00 
J.T. Compher             1  1  2   1  0   3  0  0  0  0  8/21   15:11   0:16   0:00 
Jack Hughes              0  1  1   0  0   5  1  0  0  0  18/41  25:31   2:55   5:14 
Jake Bean                0  0  0   0  0   4  3  0  0  0  0/0    11:45   0:00   0:00 
James van Riemsdyk       0  1  1   0  0   4  1  0  0  0  0/4    22:06   2:55   2:42 
Joel Armia               0  0  0  -1  0   3  1  0  0  0  0/0    12:02   2:07   0:00 
Kyle Okposo              0  0  0   0  0   0  1  1  0  0  0/2    24:38   2:55   5:14 
Miles Wood               0  0  0   0  2   0  0  0  0  0  2/7     5:42   0:00   0:00 
Oskar Lindblom           0  0  0  -1  0   0  3  0  0  0  1/1    14:28   1:51   2:42 
Ryan Donato              0  0  0  -1  5   0  2  0  0  0  4/14    9:01   0:00   0:00 
Ryan Graves              0  0  0  -1  0   1  2  3  0  0  0/0    24:14   2:55   4:07 
Thomas Novak             0  0  0   1  0   1  0  0  0  0  0/1    14:55   0:00   0:00 

Players Stats for ANAHEIM Ducks

Player Name              G  A  P  +/- PIM S  H  SB GA TA FO     MP     PP MP  PK MP  
------------------------------------------------------------------------------------
Artturi Lehkonen         0  0  0   0  2   5  4  1  0  0  1/1    19:50   4:14   0:00 
Brayden Point            0  1  1   0  0   3  0  0  0  0  18/31  21:33   3:42   0:00 
Brett Pesce              1  0  1   0  17  2  0  1  0  0  0/0    17:14   2:56   1:18 
Chandler Stephenson      0  0  0   0  0   4  0  0  0  0  0/0    23:23   4:14   3:32 
David Kampf              0  0  0   0  0   0  0  0  0  0  9/9     5:30   0:00   0:57 
Derick Brassard          0  0  0   0  0   0  0  0  0  0  0/0     4:33   0:00   0:00 
Elias Lindholm           0  0  0   0  0   5  0  0  0  0  22/37  24:51   4:14   4:05 
Jeff Carter              0  1  1   0  0   1  0  0  0  0  8/12    9:15   0:00   0:00 
Joel Farabee             0  0  0   0  0   1  0  0  0  0  2/3     9:01   0:00   0:00 
Justin Holl              0  0  0   0  0   1  2  0  0  0  0/0    15:21   0:42   2:15 
MacKenzie Weegar         0  0  0   0  0   2  1  5  0  0  0/0    24:53   4:18   1:15 
Mark Giordano            0  0  0   0  0   2  0  1  0  0  0/0    25:53   4:18   1:29 
Nathan MacKinnon         0  1  1   0  0   3  4  0  0  0  0/0    21:33   3:42   0:00 
Nick Paul                1  0  1   0  0   7  0  0  0  0  0/1     9:58   0:00   0:57 
Ryan Lindgren            0  1  1   1  0   0  1  1  0  0  0/0    14:40   0:00   3:47 
Ryan Pulock              0  0  0  -1  0   1  0  2  0  0  0/0    21:44   3:38   0:00 
Viktor Arvidsson         0  0  0   0  2   0  0  0  0  0  0/0    21:10   3:42   0:33 
Warren Foegele           0  0  0   0  0   0  0  0  0  0  0/0     4:33   0:00   0:00 

3 Stars

1 - Andreas Athanasiou (NJD)
2 - Bowen Byram (NJD)
3 - J.T. Compher (NJD)

Power Play

NEW JERSEY Devils - 1 on 3 Attempt(s) - 33,33%
ANAHEIM Ducks - 0 on 4 Attempt(s) - 0,00%

Penalty Kill

NEW JERSEY Devils - 4 on 4 Attempt(s) - 100,00% - Score 0 goal in Penalty Kill
ANAHEIM Ducks - 2 on 3 Attempt(s) - 66,67% - Score 0 goal in Penalty Kill

Team Stat

NEW JERSEY Devils - Hits : 29 - Faceoff Wins : 34 - Blocked Shots : 8 - Penalty Minutes : 13
ANAHEIM Ducks - Hits : 12 - Faceoff Wins : 60 - Blocked Shots : 11 - Penalty Minutes : 21

Official

Referees : Anniina Nurmi and Dan O'Rourke
Linesman : Diana Mokhova and Ryan Galloway

Game Notes

Brett Pesce and Ryan Donato fight to a draw at 4:41 of 3rd period
Brett Pesce (ANA) for instigated a fight (Game Misconduct) at 4:41
Brett Pesce ejected from game at 4:41 of 3rd period

Finance

Level 1 -- Attendance: 5293 (88,22%) -- Ticket Income $529,300
Level 2 -- Attendance: 4356 (87,12%) -- Ticket Income $261,360
Level 3 -- Attendance: 1855 (92,75%) -- Ticket Income $64,925
Level 4 -- Attendance: 4000 (100,00%) -- Ticket Income $80,000
Luxury Box -- Attendance: 849 (84,90%) -- Ticket Income $169,800
Game was played at the Honda Center.
Total Attendance: 16353 (90,85%)
Total Ticket Income: $1,105,385
Other Income: $276,346
Total Income: $1,381,731

NEW JERSEY Devils

5 vs 5 Forward 
   Center                   Left Wing                Right Wing               Time % Phy DF OF 
 1 Jack Hughes              James van Riemsdyk       Kyle Okposo              40     1   2  2  
 2 J.T. Compher             Thomas Novak             Andreas Athanasiou       30     1   2  2  
 3 Ryan Donato              Oskar Lindblom           Joel Armia               20     1   2  2  
 4 Miles Wood               Gabriel Landeskog        Connor Brown             10     1   2  2  

5 vs 5 Defense 
   Defense                  Defense                                           Time % Phy DF OF 
 1 Adam Boqvist             Bowen Byram                                       40     2   2  1  
 2 Chris Wideman            Ryan Graves                                       30     2   2  1  
 3 Jake Bean                Alexander Petrovic                                20     2   2  1  
 4 Ryan Graves              Alexander Petrovic                                10     1   2  2  

PowerPlay Forward 
   Center                   Left Wing                Right Wing               Time % Phy DF OF 
 1 Jack Hughes              James van Riemsdyk       Kyle Okposo              60     1   2  2  
 2 Oskar Lindblom           Joel Armia               Andreas Athanasiou       40     1   2  2  

PowerPlay Defense
   Defense                  Defense                                           Time % Phy DF OF 
 1 Ryan Graves              Bowen Byram                                       60     1   2  2  
 2 Adam Boqvist             Alexander Petrovic                                40     1   2  2  

Penalty Kill 4 Players Forward 
   Center                   Wing                     Time % Phy DF OF 
 1 Jack Hughes              Kyle Okposo              60     1   2  2  
 2 Oskar Lindblom           James van Riemsdyk       40     1   2  2  

Penalty Kill 4 Players Defense
   Defense                  Defense                  Time % Phy DF OF 
 1 Ryan Graves              Bowen Byram              60     1   2  2  
 2 Adam Boqvist             Chris Wideman            40     1   2  2  

Penalty Kill - 3 Players Forward 
   Forward                                           Time % Phy DF OF 
 1 Jack Hughes                                       60     1   2  2  
 2 Kyle Okposo                                       40     1   2  2  

Penalty Kill - 3 Players Defense
   Defense                  Defense                  Time % Phy DF OF 
 1 Ryan Graves              Bowen Byram              60     1   2  2  
 2 Adam Boqvist             Chris Wideman            40     1   2  2  

4 vs 4 Forward 
   Center                   Wing                     Time % Phy DF OF 
 1 Jack Hughes              Kyle Okposo              60     1   2  2  
 2 Andreas Athanasiou       James van Riemsdyk       40     1   2  2  

4 vs 4 Defense
   Defense                  Defense                  Time % Phy DF OF 
 1 Ryan Graves              Bowen Byram              60     1   2  2  
 2 Adam Boqvist             Alexander Petrovic       40     1   2  2  

Last Minutes Offensive
   Center                   Left Wing                Right Wing               Defense                  Defense                  
   Jack Hughes              James van Riemsdyk       Kyle Okposo              Ryan Graves              Bowen Byram              

Last Minutes Defensive
   Center                   Left Wing                Right Wing               Defense                  Defense                  
   Jack Hughes              James van Riemsdyk       Kyle Okposo              Ryan Graves              Bowen Byram              

Goaltenders
Starting : Jake Allen               
Backup : Antti Raanta             

Extra Forwards
Normal : Jack Hughes, Oskar Lindblom, Joel Armia - PP : Kyle Okposo, Oskar Lindblom - PK : Joel Armia
Extra Defensemen
Normal : Chris Wideman, Alexander Petrovic, Adam Boqvist - PP : Chris Wideman - PK : Alexander Petrovic, Adam Boqvist
Penalty Shots
Jack Hughes, Kyle Okposo, Joel Armia, James van Riemsdyk, Oskar Lindblom

Scratches
Dustin Tokarski (Healthy)

ANAHEIM Ducks

5 vs 5 Forward 
   Center                   Left Wing                Right Wing               Time % Phy DF OF 
 1 Brayden Point            Viktor Arvidsson         Nathan MacKinnon         35     0   2  3  
 2 Elias Lindholm           Chandler Stephenson      Artturi Lehkonen         35     0   2  3  
 3 Jeff Carter              Nick Paul                Joel Farabee             20     1   2  2  
 4 David Kampf              Derick Brassard          Warren Foegele           10     1   3  1  

5 vs 5 Defense 
   Defense                  Defense                                           Time % Phy DF OF 
 1 Mark Giordano            MacKenzie Weegar                                  40     1   2  2  
 2 Ryan Pulock              Brett Pesce                                       35     1   2  2  
 3 Justin Holl              Ryan Lindgren                                     20     2   2  1  
 4 Mark Giordano            MacKenzie Weegar                                  5      2   2  1  

PowerPlay Forward 
   Center                   Left Wing                Right Wing               Time % Phy DF OF 
 1 Brayden Point            Viktor Arvidsson         Nathan MacKinnon         50     0   1  4  
 2 Elias Lindholm           Chandler Stephenson      Artturi Lehkonen         50     0   1  4  

PowerPlay Defense
   Defense                  Defense                                           Time % Phy DF OF 
 1 Mark Giordano            MacKenzie Weegar                                  60     0   1  4  
 2 Ryan Pulock              Brett Pesce                                       40     0   1  4  

Penalty Kill 4 Players Forward 
   Center                   Wing                     Time % Phy DF OF 
 1 Elias Lindholm           Chandler Stephenson      60     1   3  1  
 2 David Kampf              Nick Paul                40     1   3  1  

Penalty Kill 4 Players Defense
   Defense                  Defense                  Time % Phy DF OF 
 1 Brett Pesce              Ryan Lindgren            60     1   3  1  
 2 Justin Holl              MacKenzie Weegar         40     1   3  1  

Penalty Kill - 3 Players Forward 
   Forward                                           Time % Phy DF OF 
 1 Chandler Stephenson                               60     1   4  0  
 2 David Kampf                                       40     1   4  0  

Penalty Kill - 3 Players Defense
   Defense                  Defense                  Time % Phy DF OF 
 1 Brett Pesce              Ryan Lindgren            60     1   4  0  
 2 Justin Holl              MacKenzie Weegar         40     1   4  0  

4 vs 4 Forward 
   Center                   Wing                     Time % Phy DF OF 
 1 Elias Lindholm           Nathan MacKinnon         60     1   2  2  
 2 Chandler Stephenson      Brayden Point            40     1   2  2  

4 vs 4 Defense
   Defense                  Defense                  Time % Phy DF OF 
 1 Mark Giordano            MacKenzie Weegar         60     1   2  2  
 2 Ryan Pulock              Brett Pesce              40     1   2  2  

Last Minutes Offensive
   Center                   Left Wing                Right Wing               Defense                  Defense                  
   Elias Lindholm           Nathan MacKinnon         Brayden Point            Mark Giordano            MacKenzie Weegar         

Last Minutes Defensive
   Center                   Left Wing                Right Wing               Defense                  Defense                  
   Elias Lindholm           Chandler Stephenson      Artturi Lehkonen         Brett Pesce              Ryan Lindgren            

Goaltenders
Starting : Philipp Grubauer         
Backup : Brian Elliott            

Extra Forwards
Normal : Viktor Arvidsson, Artturi Lehkonen, Jeff Carter - PP : Viktor Arvidsson, Artturi Lehkonen - PK : Viktor Arvidsson
Extra Defensemen
Normal : Brett Pesce, Justin Holl, Ryan Lindgren - PP : Brett Pesce - PK : Brett Pesce, Justin Holl
Penalty Shots
Nathan MacKinnon, Elias Lindholm, Brayden Point, Chandler Stephenson, Viktor Arvidsson

Scratches
Nic Dowd (Healthy), Patrick Maroon (Healthy)

% Time on Ice - NEW JERSEY Devils

Lines # - Real PCT - Wanted PCT - Time Play
Normal Forward
1 - 35% - 40% - 16:29
2 - 32% - 30% - 14:55
3 - 21% - 20% - 9:55
4 - 12% - 10% - 5:43
Normal Defense
1 - 38% - 40% - 17:41
2 - 31% - 30% - 14:48
3 - 25% - 20% - 11:45
4 - 6% - 10% - 2:48
PP Forward
1 - 58% - 60% - 2:55
2 - 42% - 40% - 2:07
PP Defense
1 - 58% - 60% - 2:55
2 - 42% - 40% - 2:07
PK Forward
1 - 66% - 60% - 5:14
2 - 34% - 40% - 2:42
PK Defense
1 - 52% - 60% - 4:07
2 - 48% - 40% - 3:49
PK3 Forward
1 - 0% - 60%
2 - 0% - 40%
PK3 Defense
1 - 0% - 60%
2 - 0% - 40%
44 Forward
1 - 0% - 60%
2 - 0% - 40%
44 Defense
1 - 0% - 60%
2 - 0% - 40%
Last Minute Offensive  - 0:00
Last Minute Defensive  - 0:00
Total
Forward - 60:00
Defense - 60:00

% Time on Ice - ANAHEIM Ducks

Lines # - Real PCT - Wanted PCT - Time Play
Normal Forward
1 - 37% - 35% - 16:56
2 - 34% - 35% - 15:37
3 - 20% - 20% - 9:01
4 - 10% - 10% - 4:33
Normal Defense
1 - 40% - 40% - 18:25
2 - 40% - 35% - 18:20
3 - 20% - 20% - 9:22
4 - 0% - 5% - 0:00
PP Forward
1 - 47% - 50% - 3:42
2 - 53% - 50% - 4:14
PP Defense
1 - 54% - 60% - 4:18
2 - 46% - 40% - 3:38
PK Forward
1 - 81% - 60% - 4:05
2 - 19% - 40% - 0:57
PK Defense
1 - 80% - 60% - 4:01
2 - 20% - 40% - 1:01
PK3 Forward
1 - 0% - 60%
2 - 0% - 40%
PK3 Defense
1 - 0% - 60%
2 - 0% - 40%
44 Forward
1 - 0% - 60%
2 - 0% - 40%
44 Defense
1 - 0% - 60%
2 - 0% - 40%
Last Minute Offensive  - 0:55
Last Minute Defensive  - 0:00
Total
Forward - 60:00
Defense - 60:00

Play-by-Play

1st period


0:01 of 1st period - Brayden Point wins face-off versus Jack Hughes in neutral zone.
0:06 of 1st period - Shot by Viktor Arvidsson.
0:06 of 1st period - Shot Blocked by Bowen Byram.
0:08 of 1st period - Shot by Brayden Point.
0:08 of 1st period - Stopped by Jake Allen without a rebound.
0:09 of 1st period - Elias Lindholm wins face-off versus J.T. Compher in NEW JERSEY Devils zone.
2:09 of 1st period - Oskar Lindblom is hit by MacKenzie Weegar and loses puck.
2:16 of 1st period - Shot by Ryan Donato.
2:16 of 1st period - Shot Blocked by MacKenzie Weegar.
2:28 of 1st period - Shot by Ryan Donato.
2:28 of 1st period - Shot Blocked by MacKenzie Weegar.
2:30 of 1st period - Shot by Jake Bean.
2:30 of 1st period - Stopped by Philipp Grubauer without a rebound.
2:31 of 1st period - Miles Wood wins face-off versus Jeff Carter in ANAHEIM Ducks zone.
2:37 of 1st period - Minor Penalty to Gabriel Landeskog for Holding.
2:38 of 1st period - Elias Lindholm wins face-off versus Jack Hughes in NEW JERSEY Devils zone.
2:51 of 1st period - Shot by Ryan Pulock.
2:51 of 1st period - Stopped by Jake Allen without a rebound.
2:52 of 1st period - Elias Lindholm wins face-off versus Jack Hughes in NEW JERSEY Devils zone.
2:59 of 1st period - Shot by Chandler Stephenson.
2:59 of 1st period - Stopped by Jake Allen without a rebound.
3:00 of 1st period - Oskar Lindblom wins face-off versus Elias Lindholm in NEW JERSEY Devils zone.
3:00 of 1st period - Oskar Lindblom is hit by Artturi Lehkonen.
3:21 of 1st period - Chris Wideman is hit by Artturi Lehkonen and loses puck.
3:28 of 1st period - Shot by Chandler Stephenson.
3:28 of 1st period - Shot Misses the Net.
3:31 of 1st period - Chandler Stephenson is hit by Chris Wideman and loses puck.
3:34 of 1st period - Shot by Brett Pesce.
3:34 of 1st period - Stopped by Jake Allen without a rebound.
3:35 of 1st period - Jack Hughes wins face-off versus Brayden Point in NEW JERSEY Devils zone.
3:53 of 1st period - Off-side.
3:54 of 1st period - Elias Lindholm wins face-off versus Jack Hughes in neutral zone.
4:53 of 1st period - Ryan Lindgren is hit by Andreas Athanasiou.
5:21 of 1st period - Shot by Nick Paul.
5:21 of 1st period - Shot Misses the Net.
6:22 of 1st period - Shot by Joel Armia.
6:22 of 1st period - Stopped by Philipp Grubauer without a rebound.
6:23 of 1st period - Elias Lindholm wins face-off versus Jack Hughes in ANAHEIM Ducks zone.
6:43 of 1st period - Off-side.
6:44 of 1st period - Miles Wood wins face-off versus Brayden Point in neutral zone.
6:54 of 1st period - Minor Penalty to Viktor Arvidsson for Slashing.
6:55 of 1st period - Jack Hughes wins face-off versus Elias Lindholm in ANAHEIM Ducks zone.
6:58 of 1st period - Shot by Bowen Byram.
6:58 of 1st period - Stopped by Philipp Grubauer without a rebound.
6:59 of 1st period - Elias Lindholm wins face-off versus Jack Hughes in ANAHEIM Ducks zone.
7:13 of 1st period - Kyle Okposo is hit by Justin Holl and loses puck.
8:18 of 1st period - Shot by Andreas Athanasiou.
8:18 of 1st period - Shot Misses the Net.
9:14 of 1st period - Shot by Connor Brown.
9:14 of 1st period - Shot Misses the Net.
9:17 of 1st period - Icing by Nathan MacKinnon.
9:18 of 1st period - Brayden Point wins face-off versus J.T. Compher in ANAHEIM Ducks zone.
9:29 of 1st period - Shot by Nathan MacKinnon.
9:29 of 1st period - Deflect By Brayden Point.
9:29 of 1st period - Shot Misses the Net.
9:33 of 1st period - Shot by Nathan MacKinnon.
9:33 of 1st period - Shot Misses the Net.
10:03 of 1st period - Shot by Ryan Graves.
10:03 of 1st period - Shot Blocked by MacKenzie Weegar.
10:05 of 1st period - Shot by Ryan Graves.
10:05 of 1st period - Stopped by Philipp Grubauer without a rebound.
10:06 of 1st period - Joel Farabee wins face-off versus Jack Hughes in ANAHEIM Ducks zone.
10:13 of 1st period - Shot by Jack Hughes.
10:13 of 1st period - Shot Misses the Net.
10:29 of 1st period - Shot by Nick Paul.
10:29 of 1st period - Shot Misses the Net.
10:43 of 1st period - Shot by Kyle Okposo.
10:43 of 1st period - Shot Misses the Net.
10:45 of 1st period - Shot by Kyle Okposo.
10:45 of 1st period - Shot Blocked by Ryan Pulock.
10:47 of 1st period - Shot by James van Riemsdyk.
10:47 of 1st period - Shot Misses the Net.
11:32 of 1st period - Shot by Ryan Donato.
11:32 of 1st period - Shot Misses the Net.
11:34 of 1st period - Shot by Adam Boqvist.
11:34 of 1st period - Shot Blocked by Artturi Lehkonen.
11:55 of 1st period - Shot by Elias Lindholm.
11:55 of 1st period - Shot Misses the Net.
11:57 of 1st period - Shot by Artturi Lehkonen.
11:57 of 1st period - Stopped by Jake Allen without a rebound.
11:58 of 1st period - Brayden Point wins face-off versus Thomas Novak in NEW JERSEY Devils zone.
12:07 of 1st period - Shot by Brayden Point.
12:07 of 1st period - Stopped by Jake Allen without a rebound.
12:08 of 1st period - Brayden Point wins face-off versus Jack Hughes in NEW JERSEY Devils zone.
12:32 of 1st period - Shot by Jack Hughes.
12:32 of 1st period - Stopped by Philipp Grubauer without a rebound.
12:33 of 1st period - Ryan Donato wins face-off versus Elias Lindholm in ANAHEIM Ducks zone.
12:48 of 1st period - Shot by Oskar Lindblom.
12:48 of 1st period - Shot Misses the Net.
12:50 of 1st period - Shot by Joel Armia.
12:50 of 1st period - Stopped by Philipp Grubauer without a rebound.
12:51 of 1st period - Brayden Point wins face-off versus Jack Hughes in ANAHEIM Ducks zone.
13:53 of 1st period - Shot by Chandler Stephenson.
13:53 of 1st period - Stopped by Jake Allen without a rebound.
13:54 of 1st period - David Kampf wins face-off versus J.T. Compher in NEW JERSEY Devils zone.
14:09 of 1st period - Shot by Derick Brassard.
14:09 of 1st period - Shot Misses the Net.
14:11 of 1st period - Shot by Warren Foegele.
14:11 of 1st period - Shot Misses the Net.
14:13 of 1st period - Shot by Justin Holl.
14:13 of 1st period - Stopped by Jake Allen without a rebound.
14:14 of 1st period - Elias Lindholm wins face-off versus Ryan Donato in NEW JERSEY Devils zone.
14:14 of 1st period - Artturi Lehkonen is hit by Alexander Petrovic and loses puck.
14:33 of 1st period - Shot by Oskar Lindblom.
14:33 of 1st period - Shot Misses the Net.
14:35 of 1st period - Shot by Oskar Lindblom.
14:35 of 1st period - Shot Misses the Net.
14:37 of 1st period - Shot by Ryan Donato.
14:37 of 1st period - Shot Misses the Net.
14:39 of 1st period - Shot by Jake Bean.
14:39 of 1st period - Stopped by Philipp Grubauer without a rebound.
14:40 of 1st period - J.T. Compher wins face-off versus Brayden Point in ANAHEIM Ducks zone.
14:54 of 1st period - Mark Giordano is hit by Adam Boqvist and loses puck.
15:18 of 1st period - Brayden Point is hit by Andreas Athanasiou and loses puck.
15:51 of 1st period - Shot by James van Riemsdyk.
15:51 of 1st period - Stopped by Philipp Grubauer without a rebound.
15:52 of 1st period - Ryan Donato wins face-off versus Elias Lindholm in ANAHEIM Ducks zone.
16:58 of 1st period - Icing by Jake Bean.
16:59 of 1st period - Joel Farabee wins face-off versus Jack Hughes in NEW JERSEY Devils zone.
17:11 of 1st period - Icing by Jake Bean.
17:12 of 1st period - David Kampf wins face-off versus Jack Hughes in NEW JERSEY Devils zone.
17:34 of 1st period - Mark Giordano is hit by Jack Hughes and loses puck.
18:11 of 1st period - Shot by Thomas Novak.
18:11 of 1st period - Stopped by Philipp Grubauer without a rebound.
18:12 of 1st period - Brayden Point wins face-off versus Miles Wood in ANAHEIM Ducks zone.
18:23 of 1st period - Shot by Ryan Graves.
18:23 of 1st period - Shot Misses the Net.
18:35 of 1st period - Shot by Gabriel Landeskog.
18:35 of 1st period - Stopped by Philipp Grubauer without a rebound.
18:36 of 1st period - J.T. Compher wins face-off versus Elias Lindholm in ANAHEIM Ducks zone.
19:17 of 1st period - Shot by Elias Lindholm.
19:17 of 1st period - Stopped by Jake Allen without a rebound.
19:18 of 1st period - Jack Hughes wins face-off versus Nick Paul in NEW JERSEY Devils zone.
19:27 of 1st period - Shot by James van Riemsdyk.
19:27 of 1st period - Stopped by Philipp Grubauer without a rebound.
19:28 of 1st period - Jack Hughes wins face-off versus Brayden Point in ANAHEIM Ducks zone.
19:45 of 1st period - Chris Wideman is hit by Nathan MacKinnon and loses puck.
19:50 of 1st period - Shot by Nathan MacKinnon.
19:50 of 1st period - Shot Blocked by Kyle Okposo.
Goals for this period are 0 for NEW JERSEY Devils vs 0 for ANAHEIM Ducks.
Shots for this period are 11 for NEW JERSEY Devils vs 9 for ANAHEIM Ducks.

2nd period


0:01 of 2nd period - Elias Lindholm wins face-off versus Jack Hughes in neutral zone.
0:54 of 2nd period - Icing by Bowen Byram.
0:55 of 2nd period - Jeff Carter wins face-off versus Jack Hughes in NEW JERSEY Devils zone.
1:49 of 2nd period - Shot by Andreas Athanasiou.
1:49 of 2nd period - Shot Misses the Net.
2:03 of 2nd period - Shot by Nathan MacKinnon.
2:03 of 2nd period - Shot Blocked by Ryan Graves.
2:06 of 2nd period - Icing by Ryan Graves.
2:07 of 2nd period - Elias Lindholm wins face-off versus J.T. Compher in NEW JERSEY Devils zone.
2:07 of 2nd period - Chandler Stephenson is hit by Alexander Petrovic and loses puck.
2:18 of 2nd period - Shot by Chandler Stephenson.
2:18 of 2nd period - Stopped by Jake Allen without a rebound.
2:19 of 2nd period - Brayden Point wins face-off versus Ryan Donato in NEW JERSEY Devils zone.
2:33 of 2nd period - Icing by Chris Wideman.
2:34 of 2nd period - Elias Lindholm wins face-off versus Ryan Donato in NEW JERSEY Devils zone.
2:34 of 2nd period - MacKenzie Weegar is hit by Chris Wideman and loses puck.
3:15 of 2nd period - Shot by Elias Lindholm.
3:15 of 2nd period - Shot Blocked by Chris Wideman.
3:58 of 2nd period - Icing by Ryan Graves.
3:59 of 2nd period - Ryan Donato wins face-off versus Jeff Carter in NEW JERSEY Devils zone.
4:18 of 2nd period - Shot by Nick Paul.
4:18 of 2nd period - Stopped by Jake Allen without a rebound.
4:19 of 2nd period - David Kampf wins face-off versus James van Riemsdyk in NEW JERSEY Devils zone.
4:45 of 2nd period - Shot by Derick Brassard.
4:45 of 2nd period - Shot Misses the Net.
4:54 of 2nd period - Icing by Kyle Okposo.
4:55 of 2nd period - Elias Lindholm wins face-off versus James van Riemsdyk in NEW JERSEY Devils zone.
5:06 of 2nd period - Shot by MacKenzie Weegar.
5:06 of 2nd period - Shot Misses the Net.
5:24 of 2nd period - Shot by Elias Lindholm.
5:24 of 2nd period - Shot Misses the Net.
5:26 of 2nd period - Shot by Mark Giordano.
5:26 of 2nd period - Stopped by Jake Allen without a rebound.
5:27 of 2nd period - Brayden Point wins face-off versus J.T. Compher in NEW JERSEY Devils zone.
5:36 of 2nd period - Shot by Brayden Point.
5:36 of 2nd period - Shot Misses the Net.
5:50 of 2nd period - Shot by Andreas Athanasiou.
5:50 of 2nd period - Stopped by Philipp Grubauer without a rebound.
5:51 of 2nd period - Jeff Carter wins face-off versus Miles Wood in ANAHEIM Ducks zone.
6:06 of 2nd period - Shot by Gabriel Landeskog.
6:06 of 2nd period - Shot Misses the Net.
6:14 of 2nd period - Shot by Gabriel Landeskog.
6:14 of 2nd period - Stopped by Philipp Grubauer without a rebound.
6:15 of 2nd period - J.T. Compher wins face-off versus Elias Lindholm in ANAHEIM Ducks zone.
6:24 of 2nd period - Shot by J.T. Compher.
6:24 of 2nd period - Shot Misses the Net.
7:06 of 2nd period - Shot by Jack Hughes.
7:06 of 2nd period - Stopped by Philipp Grubauer without a rebound.
7:07 of 2nd period - Brayden Point wins face-off versus James van Riemsdyk in ANAHEIM Ducks zone.
7:28 of 2nd period - Shot by Jack Hughes.
7:28 of 2nd period - Deflect By James van Riemsdyk.
7:28 of 2nd period - Shot Blocked by Brett Pesce.
7:42 of 2nd period - Shot by Jack Hughes.
7:42 of 2nd period - Shot Blocked by Ryan Pulock.
8:01 of 2nd period - Minor Penalty to Alexander Petrovic for Roughing.
8:02 of 2nd period - Elias Lindholm wins face-off versus Kyle Okposo in NEW JERSEY Devils zone.
8:37 of 2nd period - Shot by Elias Lindholm.
8:37 of 2nd period - Stopped by Jake Allen with a rebound.
8:39 of 2nd period - Shot by Mark Giordano.
8:39 of 2nd period - Shot Misses the Net.
8:41 of 2nd period - Shot by Mark Giordano.
8:41 of 2nd period - Shot Blocked by Bowen Byram.
9:15 of 2nd period - Shot by Brayden Point.
9:15 of 2nd period - Shot Misses the Net.
9:41 of 2nd period - Shot by Chandler Stephenson.
9:41 of 2nd period - Shot Misses the Net.
9:45 of 2nd period - Shot by Artturi Lehkonen.
9:45 of 2nd period - Stopped by Jake Allen with a rebound.
10:21 of 2nd period - Shot by Joel Farabee.
10:21 of 2nd period - Stopped by Jake Allen without a rebound.
10:22 of 2nd period - David Kampf wins face-off versus Miles Wood in NEW JERSEY Devils zone.
10:22 of 2nd period - Derick Brassard is hit by Jake Bean and loses puck.
10:32 of 2nd period - Off-side.
10:33 of 2nd period - J.T. Compher wins face-off versus Jeff Carter in neutral zone.
10:47 of 2nd period - Shot by Nick Paul.
10:47 of 2nd period - Stopped by Jake Allen without a rebound.
10:48 of 2nd period - Gabriel Landeskog wins face-off versus Brayden Point in NEW JERSEY Devils zone.
10:56 of 2nd period - Minor Penalty to Miles Wood for Hooking.
10:57 of 2nd period - Jack Hughes wins face-off versus Brayden Point in NEW JERSEY Devils zone.
11:08 of 2nd period - Shot by MacKenzie Weegar.
11:08 of 2nd period - Stopped by Jake Allen with a rebound.
11:10 of 2nd period - Shot by Nathan MacKinnon.
11:10 of 2nd period - Shot Misses the Net.
11:12 of 2nd period - Shot by Brayden Point.
11:12 of 2nd period - Deflect By Nathan MacKinnon.
11:12 of 2nd period - Stopped by Jake Allen without a rebound.
11:13 of 2nd period - Jack Hughes wins face-off versus Elias Lindholm in NEW JERSEY Devils zone.
11:30 of 2nd period - Shot by Artturi Lehkonen.
11:30 of 2nd period - Shot Misses the Net.
11:32 of 2nd period - Shot by Chandler Stephenson.
11:32 of 2nd period - Stopped by Jake Allen without a rebound.
11:33 of 2nd period - Jack Hughes wins face-off versus Brayden Point in NEW JERSEY Devils zone.
11:33 of 2nd period - Jack Hughes is hit by Nathan MacKinnon.
11:43 of 2nd period - Shot by Nathan MacKinnon.
11:43 of 2nd period - Stopped by Jake Allen without a rebound.
11:44 of 2nd period - Elias Lindholm wins face-off versus Jack Hughes in NEW JERSEY Devils zone.
11:56 of 2nd period - Shot by Elias Lindholm.
11:56 of 2nd period - Deflect By Artturi Lehkonen.
11:56 of 2nd period - Shot Misses the Net.
11:58 of 2nd period - Shot by Mark Giordano.
11:58 of 2nd period - Stopped by Jake Allen without a rebound.
11:59 of 2nd period - Jack Hughes wins face-off versus Brayden Point in NEW JERSEY Devils zone.
13:20 of 2nd period - Shot by J.T. Compher.
13:20 of 2nd period - Stopped by Philipp Grubauer without a rebound.
13:21 of 2nd period - Jeff Carter wins face-off versus Ryan Donato in ANAHEIM Ducks zone.
14:02 of 2nd period - Shot by Joel Farabee.
14:02 of 2nd period - Deflect By Nick Paul.
14:02 of 2nd period - Stopped by Jake Allen without a rebound.
14:03 of 2nd period - Jack Hughes wins face-off versus Elias Lindholm in NEW JERSEY Devils zone.
14:03 of 2nd period - Jack Hughes is hit by Artturi Lehkonen.
14:55 of 2nd period - Mark Giordano is hit by Andreas Athanasiou and loses puck.
15:19 of 2nd period - Shot by J.T. Compher.
15:19 of 2nd period - Shot Misses the Net.
15:21 of 2nd period - Shot by Bowen Byram.
15:21 of 2nd period - Stopped by Philipp Grubauer with a rebound.
15:23 of 2nd period - Shot by Andreas Athanasiou.
15:23 of 2nd period - Deflect By J.T. Compher.
15:23 of 2nd period - Goal by J.T. Compher - NEW JERSEY Devils : 1 - ANAHEIM Ducks : 0.
15:24 of 2nd period - Jeff Carter wins face-off versus Ryan Donato in neutral zone.
15:26 of 2nd period - Ryan Lindgren is hit by Ryan Graves and loses puck.
15:43 of 2nd period - Shot by Nick Paul.
15:43 of 2nd period - Stopped by Jake Allen with a rebound.
15:51 of 2nd period - Shot by Jeff Carter.
15:51 of 2nd period - Deflect By Nick Paul.
15:51 of 2nd period - Goal by Nick Paul - NEW JERSEY Devils : 1 - ANAHEIM Ducks : 1.
15:52 of 2nd period - Brayden Point wins face-off versus Jack Hughes in neutral zone.
15:54 of 2nd period - Off-side.
15:55 of 2nd period - Brayden Point wins face-off versus James van Riemsdyk in neutral zone.
16:07 of 2nd period - Shot by Brett Pesce.
16:07 of 2nd period - Goal by Brett Pesce - NEW JERSEY Devils : 1 - ANAHEIM Ducks : 2.
16:08 of 2nd period - Elias Lindholm wins face-off versus J.T. Compher in neutral zone.
16:10 of 2nd period - Mark Giordano is hit by Jake Bean and loses puck.
16:22 of 2nd period - Shot by Thomas Novak.
16:22 of 2nd period - Shot Misses the Net.
16:40 of 2nd period - Elias Lindholm is hit by Andreas Athanasiou and loses puck.
17:16 of 2nd period - Shot by James van Riemsdyk.
17:16 of 2nd period - Shot Blocked by MacKenzie Weegar.
17:31 of 2nd period - Elias Lindholm is hit by Bowen Byram and loses puck.
17:57 of 2nd period - Brayden Point is hit by Chris Wideman and loses puck.
19:21 of 2nd period - Jeff Carter is hit by Jake Bean and loses puck.
19:34 of 2nd period - Shot by Jeff Carter.
19:34 of 2nd period - Stopped by Jake Allen with a rebound.
19:38 of 2nd period - Shot by Nick Paul.
19:38 of 2nd period - Stopped by Jake Allen without a rebound.
19:39 of 2nd period - David Kampf wins face-off versus Jack Hughes in NEW JERSEY Devils zone.
19:54 of 2nd period - Shot by Warren Foegele.
19:54 of 2nd period - Shot Misses the Net.
Goals for this period are 1 for NEW JERSEY Devils vs 2 for ANAHEIM Ducks.
Shots for this period are 6 for NEW JERSEY Devils vs 18 for ANAHEIM Ducks.

3rd period


0:01 of 3rd period - Jack Hughes wins face-off versus Brayden Point in neutral zone.
0:16 of 3rd period - Shot by Jack Hughes.
0:16 of 3rd period - Stopped by Philipp Grubauer without a rebound.
0:17 of 3rd period - Ryan Donato wins face-off versus Elias Lindholm in ANAHEIM Ducks zone.
0:20 of 3rd period - Shot by Ryan Donato.
0:20 of 3rd period - Shot Misses the Net.
0:28 of 3rd period - Shot by Elias Lindholm.
0:28 of 3rd period - Shot Misses the Net.
0:34 of 3rd period - Shot by Artturi Lehkonen.
0:34 of 3rd period - Stopped by Jake Allen without a rebound.
0:35 of 3rd period - Jack Hughes wins face-off versus Brayden Point in NEW JERSEY Devils zone.
0:39 of 3rd period - Icing by Jack Hughes.
0:40 of 3rd period - Brayden Point wins face-off versus Jack Hughes in NEW JERSEY Devils zone.
0:55 of 3rd period - Shot by Brayden Point.
0:55 of 3rd period - Stopped by Jake Allen without a rebound.
0:56 of 3rd period - Elias Lindholm wins face-off versus J.T. Compher in NEW JERSEY Devils zone.
1:13 of 3rd period - Shot by Artturi Lehkonen.
1:13 of 3rd period - Stopped by Jake Allen without a rebound.
1:14 of 3rd period - Jack Hughes wins face-off versus Brayden Point in NEW JERSEY Devils zone.
1:14 of 3rd period - Jack Hughes is hit by Nathan MacKinnon.
1:24 of 3rd period - Shot by Jack Hughes.
1:24 of 3rd period - Shot Blocked by Mark Giordano.
1:26 of 3rd period - Shot by Kyle Okposo.
1:26 of 3rd period - Shot Misses the Net.
1:30 of 3rd period - Shot by Jack Hughes.
1:30 of 3rd period - Shot Blocked by MacKenzie Weegar.
1:42 of 3rd period - Shot by Bowen Byram.
1:42 of 3rd period - Stopped by Philipp Grubauer without a rebound.
1:43 of 3rd period - J.T. Compher wins face-off versus Elias Lindholm in ANAHEIM Ducks zone.
1:44 of 3rd period - Shot by Andreas Athanasiou.
1:44 of 3rd period - Stopped by Philipp Grubauer without a rebound.
1:45 of 3rd period - Elias Lindholm wins face-off versus J.T. Compher in ANAHEIM Ducks zone.
1:45 of 3rd period - Elias Lindholm is hit by Andreas Athanasiou.
1:54 of 3rd period - Icing by Thomas Novak.
1:55 of 3rd period - Brayden Point wins face-off versus J.T. Compher in NEW JERSEY Devils zone.
1:56 of 3rd period - Shot by Mark Giordano.
1:56 of 3rd period - Shot Blocked by Ryan Graves.
2:51 of 3rd period - Shot by Jack Hughes.
2:51 of 3rd period - Deflect By James van Riemsdyk.
2:51 of 3rd period - Stopped by Philipp Grubauer without a rebound.
2:52 of 3rd period - Elias Lindholm wins face-off versus Ryan Donato in ANAHEIM Ducks zone.
2:52 of 3rd period - Brett Pesce is hit by Oskar Lindblom and loses puck.
3:02 of 3rd period - Icing by Bowen Byram.
3:03 of 3rd period - Jeff Carter wins face-off versus Ryan Donato in NEW JERSEY Devils zone.
3:13 of 3rd period - Off-side.
3:14 of 3rd period - Jack Hughes wins face-off versus Elias Lindholm in neutral zone.
3:25 of 3rd period - Shot by Jack Hughes.
3:25 of 3rd period - Shot Misses the Net.
3:27 of 3rd period - Shot by Jake Bean.
3:27 of 3rd period - Stopped by Philipp Grubauer without a rebound.
3:28 of 3rd period - Jeff Carter wins face-off versus Ryan Donato in ANAHEIM Ducks zone.
3:28 of 3rd period - Jeff Carter is hit by Ryan Donato.
3:31 of 3rd period - Mark Giordano is hit by Joel Armia and loses puck.
4:27 of 3rd period - Elias Lindholm is hit by Oskar Lindblom and loses puck.
4:36 of 3rd period - Shot by Chandler Stephenson.
4:36 of 3rd period - Shot Blocked by Bowen Byram.
4:41 of 3rd period - Brett Pesce and Ryan Donato fight to a draw.
4:41 of 3rd period - Penalty to Brett Pesce for Fighting.
4:41 of 3rd period - Penalty to Ryan Donato for Fighting.
4:41 of 3rd period - Penalty to Brett Pesce for instigated a fight.
4:41 of 3rd period - Brett Pesce is ejected from game.
4:42 of 3rd period - Jack Hughes wins face-off versus Elias Lindholm in NEW JERSEY Devils zone.
5:45 of 3rd period - Shot by Andreas Athanasiou.
5:45 of 3rd period - Goal by Andreas Athanasiou - NEW JERSEY Devils : 2 - ANAHEIM Ducks : 2.
5:46 of 3rd period - Brayden Point wins face-off versus Gabriel Landeskog in neutral zone.
5:55 of 3rd period - Shot by Nathan MacKinnon.
5:55 of 3rd period - Stopped by Jake Allen with a rebound.
7:24 of 3rd period - Shot by James van Riemsdyk.
7:24 of 3rd period - Deflect By Jack Hughes.
7:24 of 3rd period - Stopped by Philipp Grubauer without a rebound.
7:25 of 3rd period - David Kampf wins face-off versus Jack Hughes in ANAHEIM Ducks zone.
7:55 of 3rd period - Shot by Derick Brassard.
7:55 of 3rd period - Shot Misses the Net.
8:26 of 3rd period - Shot by Connor Brown.
8:26 of 3rd period - Stopped by Philipp Grubauer with a rebound.
8:28 of 3rd period - Shot by Gabriel Landeskog.
8:28 of 3rd period - Stopped by Philipp Grubauer with a rebound.
8:30 of 3rd period - Shot by Jake Bean.
8:30 of 3rd period - Stopped by Philipp Grubauer without a rebound.
8:31 of 3rd period - Elias Lindholm wins face-off versus J.T. Compher in ANAHEIM Ducks zone.
8:44 of 3rd period - Shot by Elias Lindholm.
8:44 of 3rd period - Stopped by Jake Allen without a rebound.
8:45 of 3rd period - Jeff Carter wins face-off versus Connor Brown in NEW JERSEY Devils zone.
8:48 of 3rd period - Shot by Nick Paul.
8:48 of 3rd period - Stopped by Jake Allen without a rebound.
8:49 of 3rd period - J.T. Compher wins face-off versus Elias Lindholm in NEW JERSEY Devils zone.
8:49 of 3rd period - Ryan Graves is hit by Artturi Lehkonen and loses puck.
9:00 of 3rd period - Chandler Stephenson is hit by Alexander Petrovic and loses puck.
9:03 of 3rd period - Shot by Elias Lindholm.
9:03 of 3rd period - Shot Misses the Net.
9:05 of 3rd period - Shot by Elias Lindholm.
9:05 of 3rd period - Shot Misses the Net.
9:19 of 3rd period - Shot by Artturi Lehkonen.
9:19 of 3rd period - Stopped by Jake Allen without a rebound.
9:20 of 3rd period - Brayden Point wins face-off versus Jack Hughes in NEW JERSEY Devils zone.
9:26 of 3rd period - Nathan MacKinnon is hit by Bowen Byram and loses puck.
9:35 of 3rd period - Shot by Bowen Byram.
9:35 of 3rd period - Deflect By James van Riemsdyk.
9:35 of 3rd period - Shot Blocked by Ryan Lindgren.
10:08 of 3rd period - Icing by Bowen Byram.
10:09 of 3rd period - Artturi Lehkonen wins face-off versus Jack Hughes in NEW JERSEY Devils zone.
10:18 of 3rd period - Shot by Elias Lindholm.
10:18 of 3rd period - Stopped by Jake Allen without a rebound.
10:19 of 3rd period - Jeff Carter wins face-off versus J.T. Compher in NEW JERSEY Devils zone.
10:31 of 3rd period - Off-side.
10:32 of 3rd period - Elias Lindholm wins face-off versus Ryan Donato in neutral zone.
10:40 of 3rd period - Oskar Lindblom is hit by Justin Holl and loses puck.
11:08 of 3rd period - Shot by Oskar Lindblom.
11:08 of 3rd period - Deflect By Joel Armia.
11:08 of 3rd period - Stopped by Philipp Grubauer without a rebound.
11:09 of 3rd period - Brayden Point wins face-off versus Jack Hughes in ANAHEIM Ducks zone.
11:34 of 3rd period - Shot by Jack Hughes.
11:34 of 3rd period - Stopped by Philipp Grubauer with a rebound.
11:36 of 3rd period - Shot by James van Riemsdyk.
11:36 of 3rd period - Stopped by Philipp Grubauer without a rebound.
11:37 of 3rd period - J.T. Compher wins face-off versus Jeff Carter in ANAHEIM Ducks zone.
11:40 of 3rd period - Shot by Thomas Novak.
11:40 of 3rd period - Deflect By J.T. Compher.
11:40 of 3rd period - Stopped by Philipp Grubauer without a rebound.
11:41 of 3rd period - Elias Lindholm wins face-off versus J.T. Compher in ANAHEIM Ducks zone.
11:45 of 3rd period - Ryan Lindgren is hit by Ryan Graves.
11:47 of 3rd period - Shot by Chandler Stephenson.
11:47 of 3rd period - Shot Misses the Net.
12:10 of 3rd period - Icing by Ryan Graves.
12:11 of 3rd period - J.T. Compher wins face-off versus Brayden Point in NEW JERSEY Devils zone.
12:32 of 3rd period - Shot by Andreas Athanasiou.
12:32 of 3rd period - Stopped by Philipp Grubauer without a rebound.
12:33 of 3rd period - Jack Hughes wins face-off versus Elias Lindholm in ANAHEIM Ducks zone.
12:55 of 3rd period - Minor Penalty to Bowen Byram for Hooking.
12:56 of 3rd period - Brayden Point wins face-off versus Jack Hughes in NEW JERSEY Devils zone.
12:57 of 3rd period - Shot by MacKenzie Weegar.
12:57 of 3rd period - Shot Misses the Net.
12:59 of 3rd period - Shot by MacKenzie Weegar.
12:59 of 3rd period - Stopped by Jake Allen without a rebound.
13:00 of 3rd period - Jack Hughes wins face-off versus Brayden Point in NEW JERSEY Devils zone.
13:15 of 3rd period - Shot by Nathan MacKinnon.
13:15 of 3rd period - Shot Misses the Net.
14:03 of 3rd period - Brayden Point is hit by James van Riemsdyk and loses puck.
14:43 of 3rd period - Shot by Chandler Stephenson.
14:43 of 3rd period - Deflect By Elias Lindholm.
14:43 of 3rd period - Stopped by Jake Allen with a rebound.
15:21 of 3rd period - Shot by Andreas Athanasiou.
15:21 of 3rd period - Stopped by Philipp Grubauer without a rebound.
15:22 of 3rd period - David Kampf wins face-off versus Miles Wood in ANAHEIM Ducks zone.
15:24 of 3rd period - Icing by Ryan Lindgren.
15:25 of 3rd period - David Kampf wins face-off versus Ryan Donato in ANAHEIM Ducks zone.
15:25 of 3rd period - David Kampf is hit by Ryan Donato.
15:38 of 3rd period - Off-side.
15:39 of 3rd period - Elias Lindholm wins face-off versus J.T. Compher in neutral zone.
15:46 of 3rd period - Shot by Chandler Stephenson.
15:46 of 3rd period - Shot Blocked by Ryan Graves.
15:49 of 3rd period - Minor Penalty to Artturi Lehkonen for Tripping.
15:50 of 3rd period - Elias Lindholm wins face-off versus Jack Hughes in ANAHEIM Ducks zone.
16:26 of 3rd period - Jack Hughes is hit by Ryan Lindgren and loses puck.
16:29 of 3rd period - Shot by Bowen Byram.
16:29 of 3rd period - Shot Misses the Net.
17:36 of 3rd period - David Kampf is hit by Oskar Lindblom.
18:03 of 3rd period - Icing by Mark Giordano.
18:04 of 3rd period - Brayden Point wins face-off versus Miles Wood in ANAHEIM Ducks zone.
18:04 of 3rd period - Brayden Point is hit by Gabriel Landeskog.
18:49 of 3rd period - Icing by Justin Holl.
18:50 of 3rd period - Jack Hughes wins face-off versus Joel Farabee in ANAHEIM Ducks zone.
18:57 of 3rd period - Shot by Bowen Byram.
18:57 of 3rd period - Goal by Bowen Byram - NEW JERSEY Devils : 3 - ANAHEIM Ducks : 2.
18:58 of 3rd period - David Kampf wins face-off versus Kyle Okposo in neutral zone.
19:01 of 3rd period - ANAHEIM Ducks, Philipp Grubauer is pulled from the net.
19:04 of 3rd period - Icing by Jake Bean.
19:05 of 3rd period - Jack Hughes wins face-off versus Elias Lindholm in NEW JERSEY Devils zone.
19:05 of 3rd period - Jack Hughes is hit by Nathan MacKinnon.
19:15 of 3rd period - Elias Lindholm is hit by Kyle Okposo and loses puck.
Goals for this period are 2 for NEW JERSEY Devils vs 0 for ANAHEIM Ducks.
Shots for this period are 17 for NEW JERSEY Devils vs 10 for ANAHEIM Ducks. Output by the SimonT Hockey Simulator (STHS) for Martin Benoit - Original Page W3C HTML5 Valid
Hockey Simulator - Hockey Simulation - Hockey Manager